 Dungeon Crawl Stone Soup version 0.17-a0-2073-gde5cdba (webtiles) character file.

4596 brucemayne the Cleaver (level 10, 0/70 HPs)
             Began as a Vine Stalker Berserker on Oct 15, 2015.
             Was a Priest of Trog.
             Slain by a hill giant
             ... wielding a cursed -2 giant club
              (11 damage)
             ... on level 12 of the Dungeon.
             The game lasted 00:11:51 (1995 turns).

brucemayne the Cleaver (Vine Stalker Berserker)     Turns: 1995, Time: 00:11:52

Health: 0/70       AC:  9    Str: 25    XL:     10   Next: 41%
Magic:  0/11       EV: 11    Int:  7    God:    Trog [***...]
Gold:   87         SH:  0    Dex: 17    Spells: 0 memorised, 9 levels left

rFire  . . .     SeeInvis .     C - +0 war axe
rCold  . . .     Clarity  .     q - +0 ring mail
rNeg   + . .     SustAt   .     (no shield)
rPois  .         Gourm    .     l - +0 helmet
rElec  .         Spirit   +     (no cloak)
rCorr  .         Warding  .     (no gloves)
rMut   .         Stasis   .     e - +2 pair of boots
MR     +++..                    g - amulet of rage
Stlth  ..........               (no ring)
                                H - ring of positive energy

@: berserking (expiring), regenerating, very quick, extremely resistant to
hostile enchantments, extremely unstealthy
A: fangs 3, regeneration 2, magic shield, antimagic bite, no device heal 3, rot
immunity
a: Burn Spellbooks, Berserk, Trog's Hand, Renounce Religion, Evoke Berserk Rage


You were on level 12 of the Dungeon.
You worshipped Trog.
Trog was most pleased with you.
You were hungry.

You visited 1 branch of the dungeon, and saw 12 of its levels.

You collected 326 gold pieces.
You spent 239 gold pieces at shops.

Inventory:

Hand Weapons
 a - a +0 hand axe
 f - a +0 blowgun
 C - a +0 war axe (weapon)
Missiles
 D - 16 poisoned needles
Armour
 b - a +0 animal skin
 e - a +2 pair of boots (worn)
 l - a +0 helmet (worn)
 q - a +0 ring mail (worn)
Jewellery
 g - an amulet of rage (around neck)
 H - a ring of positive energy (left hand)
Wands
 r - a wand of digging (17)
Scrolls
 h - a scroll of teleportation {unknown}
 i - 2 scrolls of remove curse {unknown}
 o - a scroll of enchant weapon {unknown}
 p - 4 scrolls of identify {unknown}
 w - 2 scrolls of random uselessness {unknown}
 y - a scroll of fog {unknown}
 A - a scroll of brand weapon {unknown}
 E - a scroll of immolation {unknown}
Potions
 d - 2 potions of heal wounds
 j - a potion of invisibility {unknown}
 k - 2 potions of lignification {unknown}
 n - a potion of haste {unknown}
 s - 3 potions of curing
 t - a potion of might
 u - a potion of brilliance {unknown}
 v - a potion of mutation {unknown}
 F - a potion of agility {unknown}
 G - a potion of resistance
Books
 x - a book of the Dragon

   Spells                             Type                      Level
   a - Flame Tongue                   Conjuration/Fire             1
   b - Cause Fear                     Hexes                        4
   c - Bolt of Fire                   Conjuration/Fire             6
   d - Dragon Form                    Transmutation                7
   e - Dragon's Call                  Summoning                    9
   Trog disapproves of the use of such an item.
Comestibles
 c - 3 bread rations
 m - a beef jerky
 z - a meat ration
 B - 3 chunks of flesh


   Skills:
 - Level 2.6 Fighting
 + Level 13.4 Axes
 - Level 1.5 Armour
 - Level 1.5 Dodging


You had 9 spell levels left.
You didn't know any spells.

Dungeon Overview and Level Annotations

Branches:
Dungeon (12/15)              Lair (0/8) D:8
 Temple: D:4-7          Orc: D:9-12

Altars:
Cheibriados
Dithmenos
Gozag
Makhleb
Okawaru
Qazlal
Vehumet
Yredelemnul

Shops:
D:5 %:!%:   D:9 !

Annotations:
D:12 Kirke


Innate Abilities, Weirdness & Mutations

You have razor-sharp teeth.
You heal very quickly.
When hurt, damage is shared between your health and your magic reserves.
Your bite disrupts and absorbs the magic of your enemies.
Potions and wands cannot restore your health.
You are immune to rotting.


Message History

The hill giant is heavily wounded.
You slash the centaur!
The centaur is moderately wounded.
You slash the hog!
The hog is almost dead.
The orc wizard gestures wildly while chanting.
The orc wizard flickers and vanishes!
Deactivating autopickup; reactivate with Ctrl-A.
The centaur hits you. The hog bites you.
* * * LOW HITPOINT WARNING * * *
You slash the hill giant! Your bite misses the hill giant.
The hill giant is almost dead.
You hit the hog.
You kill the hog!
Trog accepts your kill.
You slash the centaur!
The centaur is almost dead.
The orc completely misses you. The centaur closely misses you.
The hill giant hits you with a giant club!
You die...

##########
#@ho......
#Cco......
#{@o......
#.........
#.........
#<........
#.........
..........
#.#........


You could see Kirke, a hill giant, a hog, an orc warrior, a centaur and 2 orcs.

Vanquished Creatures
  Grinder (D:5)
  Sigmund (D:6)
  6 yaks (D:9)
  A wyvern (D:8)
  3 hogs (D:12)
  2 hippogriffs (D:8)
  An ice beast (D:6)
  An ogre (D:8)
  A sky beast (D:6)
  9 centaurs
  2 big kobolds (D:8)
  2 giant frogs
  A crocodile (D:9)
  2 scorpions
  5 wights (D:11)
  A hound (D:10)
  2 crimson imps
  A jelly (D:8)
  A giant frog zombie (D:8)
  A worker ant (D:5)
  3 centaur skeletons
  5 orc priests
  An iguana (D:8)
  2 giant frog skeletons
  9 orc wizards
  Robin (D:3)
  4 adders
  2 gnolls (D:2)
  2 shadow imps
  2 oozes (D:3)
  An adder zombie (D:8)
  A giant gecko (D:8)
  17 orcs
  3 bats
  A giant cockroach (D:5)
  7 goblins (D:3)
  7 hobgoblins
  5 jackals (D:3)
  A giant newt (D:5)
  2 gnoll zombies (D:8)
  2 hobgoblin zombies (D:8)
  6 kobolds
  2 rats (D:3)
130 creatures vanquished.

Notes
Turn   | Place    | Note
--------------------------------------------------------------
     0 | D:1      | brucemayne the Vine Stalker Berserker began the quest for the Orb.
     0 | D:1      | Reached XP level 1. HP: 11/11 MP: 2/2
    68 | D:1      | You fall through a shaft!
   116 | D:2      | Reached skill level 3 in Axes
   116 | D:2      | Reached XP level 2. HP: 13/16 MP: 3/3
   150 | D:2      | Found a radiant altar of Vehumet.
   156 | D:2      | Reached XP level 3. HP: 19/19 MP: 4/4
   207 | D:3      | Reached skill level 4 in Axes
   240 | D:3      | Noticed Robin
   240 | D:3      | Reached XP level 4. HP: 14/23 MP: 5/5
   261 | D:3      | Killed Robin
   264 | D:3      | Reached ** piety under Trog
   355 | D:4      | Reached skill level 5 in Axes
   355 | D:4      | Reached XP level 5. HP: 7/27 MP: 3/6
   390 | D:4      | Found an opulent altar of Gozag.
   500 | D:5      | Entered Level 5 of the Dungeon
   500 | D:5      | Found a burning altar of Makhleb.
   500 | D:5      | Found Matak's Book Boutique.
   507 | D:5      | Reached skill level 6 in Axes
   507 | D:5      | Gained mutation: You heal very quickly. [Vine Stalker growth]
   507 | D:5      | Reached XP level 6. HP: 32/32 MP: 7/7
   630 | D:5      | Found Ciceerar's Book Emporium.
   651 | D:5      | Found Niduevadd's Distillery.
   659 | D:5      | Found Hoebauc's Food Boutique.
   661 | D:5      | Bought a potion of might for 44 gold pieces
   770 | D:6      | Reached skill level 7 in Axes
   770 | D:6      | Reached XP level 7. HP: 26/35 MP: 6/8
   807 | D:5      | Found Vooqog's Food Boutique.
   807 | D:5      | Noticed Grinder
   870 | D:5      | Killed Grinder
   870 | D:5      | Reached skill level 8 in Axes
   870 | D:5      | Gained mutation: You have razor-sharp teeth. [Vine Stalker growth]
   870 | D:5      | Reached XP level 8. HP: 39/39 MP: 9/9
   878 | D:5      | Noticed a centaur
   888 | D:5      | Killed a centaur
   984 | D:6      | Reached skill level 9 in Axes
   993 | D:6      | Noticed Sigmund
   998 | D:6      | Killed Sigmund
  1113 | D:8      | Found a basalt altar of Yredelemnul.
  1213 | D:9      | Found a stormy altar of Qazlal.
  1225 | D:9      | Found a snail-covered altar of Cheibriados.
  1309 | D:9      | Found a shadowy altar of Dithmenos.
  1349 | D:9      | Reached skill level 10 in Axes
  1352 | D:9      | Reached XP level 9. HP: 43/43 MP: 7/10
  1355 | D:9      | Reached skill level 11 in Axes
  1391 | D:9      | Found an iron altar of Okawaru.
  1463 | D:9      | Reached *** piety under Trog
  1575 | D:8      | Reached skill level 12 in Axes
  1613 | D:8      | Found a staircase to the Lair.
  1703 | D:8      | Reached XP level 10. HP: 31/47 MP: 9/11
  1835 | D:9      | Found Tallowk's Distillery.
  1846 | D:9      | Bought a potion of curing for 45 gold pieces
  1846 | D:9      | Bought a potion of resistance for 150 gold pieces
  1849 | D:10     | Entered Level 10 of the Dungeon
  1861 | D:10     | Reached **** piety under Trog
  1928 | D:11     | Reached skill level 13 in Axes
  1975 | D:12     | Noticed a hill giant
  1982 | D:12     | Noticed Kirke
  1995 | D:12     | Slain by a hill giant

Vault maps used:
D:1:      dpeg_arrival_rooms_c, roderic_lattice_a
D:2:      old_standard_altar
D:3:      kennysheep_the_goblin_king, ecumenical_altar_1,
          uniq_crazy_yiuf_cottage, uniq_robin
D:4:      lemuel_round_altar, grunt_gozag_breadcrumbs,
          minmay_temple_entry_enclosed_plants, okawaru_ov_weapons_minmay,
          uniq_menkaure
D:5:      overflow_temple_1_default, serial_shops, shop_fountains, shop,
          shop_coins, shop, shop, first_bread, minmay_misc_feat_x, uniq_grinder,
          uniq_edmund
D:6:      fedhas_altar_4, lemuel_crystal_altar, st_stairs_9, uniq_sigmund
D:7:      lemuel_blue_sif_altar
D:8:      lemuel_zombie_altar_yredelemnul, nicolae_tso_besieged_by_evil,
          dpeg_oklobed_lair, hangedman_tree_tricks, small_statue_intersection
D:9:      nicolae_overflow_hidden_temple, lemuel_coloured_pillars_altar,
          nicolae_dithmenos_shadow_blocks, nicolae_overflow_crystal_walls,
          lemuel_doored_altar, serial_shops, shop
D:10:     erik_orc_3, minmay_misc_feat_pillars, tgw_kikubaaqudgha, uniq_sonja
D:11:     uniq_urug, uniq_erica, uniq_snorg, uniq_erolcha, uniq_nergalle
D:12:     uniq_azrael, uniq_kirke

Action                   |  1- 3 |  4- 6 |  7- 9 | 10-12 || total
-------------------------+-------+-------+-------+-------++-------
Melee: Hand axe          |    30 |    91 |   156 |       ||   277
       War axe           |       |       |    38 |    66 ||   104
Invok: Berserk           |     1 |     5 |     4 |     1 ||    11
       Trog's Hand       |       |     2 |     4 |     4 ||    10
 Stab: Sleeping          |     1 |       |       |       ||     1
  Eat: Chunk             |       |     5 |     8 |     2 ||    15
